 Dungeon Crawl Stone Soup version 0.30-a0-223-gcb0039aa0c (webtiles) character file.

Game seed: 3673510108306664632

1661 qw the Cleaver (level 9, 0/55 HPs)
             Began as a Gargoyle Fighter on Oct 9, 2022.
             Slain by a killer bee (5 damage)
             ... on level 7 of the Dungeon.
             The game lasted 00:01:55 (5132 turns).

qw the Cleaver (Gargoyle Fighter)                   Turns: 5132, Time: 00:01:56

Health: 0/55       AC: 17    Str: 23    XL:     9   Next: 0%
Magic:  9/9        EV:  8    Int: 10    God:
Gold:   381        SH:  4    Dex:  9    Spells: 8/8 levels left

rFire   . . .      SeeInvis +    Y - +1 war axe
rCold   . . .      Faith    .    c - +0 buckler
rNeg    + . .      Spirit   .    p - +0 chain mail
rPois   inf        Reflect  .    k - +0 helmet
rElec   +          Harm     .    (no cloak)
rCorr   .          Rampage  .    (no gloves)
Will    .....                    (no boots)
Stlth   ..........               (no amulet)
HPRegen 0.29/turn                o - ring of see invisible
MPRegen 0.11/turn                (no ring)

@: no status effects
A: sickness immunity, AC +6, negative energy resistance 1, electricity
resistance, torment resistance 1, petrification resistance
a: no special abilities


You were on level 7 of the Dungeon.
You visited 2 branches of the dungeon, and saw 8 of its levels.

You collected 381 gold pieces.


Innate Abilities, Weirdness & Mutations

You are immune to sickness and miasma.
Your stone body is resilient. (AC +6)
You are immune to poison.
You resist negative energy. (rN+)
You are resistant to electric shocks. (rElec)
You are resistant to unholy torment.
You are immune to petrification.


   Skills:
 - Level 6.1 Fighting
 + Level 8.9 Axes
 - Level 4.2 Armour
 - Level 1.5 Dodging
 - Level 3.2 Shields


You had 8 spell levels left.
You didn't know any spells.
Your spell library was empty.

Inventory:

Hand Weapons
 q - a +0 flail
 Y - a +1 war axe (weapon)
Armour
 c - a +0 buckler (worn)
 k - a +0 helmet (worn)
 p - a +0 chain mail (worn)
Jewellery
 o - a ring of see invisible (left hand)
Scrolls
 i - a scroll of identify
Potions
 b - a potion of attraction
 d - 4 potions of might
 f - 3 potions of curing
 n - a potion of mutation {unknown}
 s - a potion of flight {unknown}

Dungeon Overview and Level Annotations

Branches:
Dungeon (7/15)             Temple (1/1) D:5

Altars:
Ashenzari
Cheibriados
Dithmenos
Elyvilon
Gozag
Kikubaaqudgha
Makhleb
Qazlal
Sif Muna
Trog
Vehumet
Wu Jian
Xom
Yredelemnul
Zin
The Shining One


Message History

You closely miss the wyvern.
The wyvern is heavily wounded.
The wyvern bites you but does no damage. x2
You hit the wyvern but do no damage.
The wyvern is heavily wounded.
The wyvern barely misses you. The wyvern bites you.
You barely miss the wyvern.
The wyvern is heavily wounded.
The wyvern bites you.
5125 ||| DRINKING potion of heal wounds.
You feel much better. The wyvern bites you!
The wyvern bites you but does no damage.
You closely miss the wyvern.
The wyvern is heavily wounded.
The wyvern barely misses you. x2
You closely miss the wyvern.
The wyvern is heavily wounded.
The wyvern barely misses you.
You closely miss the wyvern.
The wyvern is heavily wounded.
The wyvern bites you. You block the wyvern's attack.
You hit the wyvern.
The wyvern is severely wounded.
The wyvern bites you but does no damage.
The wyvern bites you.
You barely miss the wyvern.
The wyvern is severely wounded.
The wyvern bites you.
You slash the wyvern!
You kill the wyvern!
You block the killer bee's attack.
You have reached level 9!
Your experience leads to an increase in your attributes!
Increase (S)trength, (I)ntelligence, or (D)exterity?
You feel stronger. x2
You barely miss the killer bee.
The killer bee stings you but does no damage.
The killer bee stings you.
You die...

.## ###### ...##
#....# # #...
#....##. #....
#...... #...# #.....#
#....######.....#
#.yy@..##.....####
#.####.##....#...####
..
####.#####.#.#.#..#
...
#.....###..#.#.#..#


yyy #.#.....%....#.#^.. #y .. #...#..#####.##.# # ..# #....>.#...#....# .
...#....#.#...#... ##########.###[#.## You could see 2 killer bees.

Vanquished Creatures
  A wyvern (D:7)
  4 yaks (D:6)
  A water moccasin (D:5)
  An ogre (D:3)
  Blork the orc (D:5)
  A bullfrog (D:6)
  A scorpion (D:4)
  A necrophage (D:7)
  2 killer bees (D:7)
  2 hounds
  3 jellies
  A gnoll bouda (D:6)
  Ijyb (D:5)
  An orc wizard (D:4)
  6 adders
  4 gnolls (D:6)
  3 white imps
  An ufetubus (D:4)
  A worm (D:2)
  3 dart slugs
  3 orcs
  8 endoplasms
  4 giant cockroaches
  3 goblins
  6 hobgoblins
  4 jackals
  2 quokkas (D:1)
  5 ball pythons
  7 bats
  3 frilled lizards
  5 kobolds
  4 rats
93 creatures vanquished.

Vanquished Creatures (others)
  A plant (D:4)
1 creature vanquished.

Grand Total: 94 creatures vanquished

Notes
Turn   | Place    | Note
-------+----------+-------------------------------------------
     0 | D:1      | qw the Gargoyle Fighter began the quest for the Orb.
     0 | D:1      | Reached XP level 1. HP: 14/14 MP: 1/1
     0 | D:1      | 0 ||| qw: Version: 0.2-a-17-g06abaee
     0 | D:1      | 0 ||| qw: Game counter: 2106
     0 | D:1      | 0 ||| qw: Always use a shield: true
     0 | D:1      | 0 ||| qw: God list: Okawaru
     0 | D:1      | 0 ||| qw: Allow faded altars: false
     0 | D:1      | 0 ||| qw: Do Orc after D:15 true
     0 | D:1      | 0 ||| qw: Do second Lair branch before Depths: true
     0 | D:1      | 0 ||| qw: Lair rune preference: random
     0 | D:1      | 0 ||| qw: Plans: Normal, Zot:1-4, God:TSO, Crypt, Tomb,
                  | Pan, Slime:5, Hells, Abyss, Orb
     0 | D:1      | 0 ||| PLANNING D:1-11
    37 | D:1      | Reached skill level 2 in Axes
    63 | D:1      | 63 ||| Stepping ~*~*~tactically~*~*~ (hiding).
    65 | D:1      | 65 ||| Stepping ~*~*~tactically~*~*~ (hiding).
   185 | D:1      | Reached XP level 2. HP: 19/19 MP: 2/2
   788 | D:1      | 788 ||| READING scroll labelled QAESUERGHEYX.
   789 | D:1      | 789 ||| READING scroll labelled LOPNEU KEUGHA.
   790 | D:1      | 790 ||| READING scroll labelled KOCKUSIOTE.
   791 | D:1      | 791 ||| DRINKING 3 bubbling blue potions.
   792 | D:1      | 792 ||| DROPPING 2 potions of invisibility.
   853 | D:2      | 853 ||| Stepping ~*~*~tactically~*~*~ (stealth).
   854 | D:2      | 854 ||| Stepping ~*~*~tactically~*~*~ (stealth).
   921 | D:2      | 921 ||| Stepping ~*~*~tactically~*~*~ (stealth).
   928 | D:2      | Reached skill level 3 in Axes
   974 | D:2      | Reached XP level 3. HP: 23/23 MP: 3/3
  1203 | D:2      | 1203 ||| Stepping ~*~*~tactically~*~*~ (stealth).
  1265 | D:2      | 1265 ||| Stepping ~*~*~tactically~*~*~ (stealth).
  1278 | D:2      | 1278 ||| Stepping ~*~*~tactically~*~*~ (stealth).
  1285 | D:2      | 1285 ||| Stepping ~*~*~tactically~*~*~ (stealth).
  1286 | D:2      | 1286 ||| Stepping ~*~*~tactically~*~*~ (stealth).
  1287 | D:2      | 1287 ||| Stepping ~*~*~tactically~*~*~ (stealth).
  1288 | D:2      | 1288 ||| Stepping ~*~*~tactically~*~*~ (stealth).
  1289 | D:2      | 1289 ||| Stepping ~*~*~tactically~*~*~ (stealth).
  1649 | D:2      | 1649 ||| READING scroll labelled FIUSENNOYR.
  1650 | D:2      | 1650 ||| READING scroll labelled GOREKUQYZA.
  1721 | D:3      | 1721 ||| DROPPING +0 club.
  1777 | D:3      | Reached XP level 4. HP: 21/28 MP: 4/4
  1791 | D:3      | 1791 ||| Stepping ~*~*~tactically~*~*~ (stealth).
  1858 | D:3      | Noticed an ogre
  1867 | D:3      | Killed an ogre
  1868 | D:3      | Reached skill level 4 in Axes
  1868 | D:3      | Reached XP level 5. HP: 13/32 MP: 5/5
  1870 | D:3      | 1870 ||| FLEEEEING.
  1871 | D:3      | 1871 ||| FLEEEEING.
  1876 | D:3      | Found a snail-covered altar of Cheibriados.
  1878 | D:3      | 1878 ||| Stepping ~*~*~tactically~*~*~ (hiding).
  1883 | D:3      | 1883 ||| FLEEEEING.
  1915 | D:3      | 1915 ||| FLEEEEING.
  1916 | D:3      | 1916 ||| FLEEEEING.
  1917 | D:3      | 1917 ||| FLEEEEING.
  1964 | D:3      | 1964 ||| Stepping ~*~*~tactically~*~*~ (stealth).
  2046 | D:3      | 2046 ||| Stepping ~*~*~tactically~*~*~ (stealth).
  2052 | D:3      | 2052 ||| Stepping ~*~*~tactically~*~*~ (stealth).
  2164 | D:3      | Reached skill level 5 in Axes
  2394 | D:3      | 2394 ||| Stepping ~*~*~tactically~*~*~ (hiding).
  2450 | D:3      | Found a glowing golden altar of the Shining One.
  2551 | D:3      | 2551 ||| UPGRADING to +0 helmet.
  2556 | D:3      | 2556 ||| READING scroll labelled MOAZEONEAC.
  2560 | D:3      | 2560 ||| READING scroll labelled COUFRA UCEQ.
  2590 | D:4      | Reached XP level 6. HP: 35/38 MP: 6/6
  2595 | D:4      | Reached skill level 1 in Dodging
  2770 | D:4      | 2770 ||| Stepping ~*~*~tactically~*~*~ (stealth).
  2772 | D:4      | 2772 ||| Stepping ~*~*~tactically~*~*~ (hiding).
  2904 | D:4      | 2904 ||| DROPPING +0 mace.
  3026 | D:4      | You fall into a shaft and drop 3 floors!
  3026 | D:7      | Found an ornate altar of the Wu Jian Council.
  3139 | D:7      | 3139 ||| UPGRADING to +0 chain mail.
  3149 | D:7      | 3149 ||| DROPPING +0 scale mail.
  3150 | D:7      | 3150 ||| UPGRADING to ring of see invisible.
  3151 | D:7      | 3151 ||| DROPPING ring of flight.
  3152 | D:7      | 3152 ||| READING scroll labelled OPPIABR FIONT.
  3153 | D:7      | 3153 ||| READING scroll labelled XICA ROKKIATE.
  3154 | D:7      | 3154 ||| DRINKING 3 bubbling ruby potions.
  3155 | D:7      | 3155 ||| DRINKING 2 white potions.
  3260 | D:7      | 3260 ||| DRINKING 2 fizzy amethyst potions.
  3261 | D:7      | 3261 ||| READING 2 scrolls of identify.
  3261 | D:7      | 3261 ||| IDENTIFYING murky golden potion
  3262 | D:7      | 3262 ||| DROPPING potion of berserk rage.
  3263 | D:7      | 3263 ||| DROPPING potion of brilliance.
  3337 | D:5      | Entered Level 5 of the Dungeon
  3402 | D:4      | Found a glowing silver altar of Zin.
  3478 | D:4      | 3478 ||| Stepping ~*~*~tactically~*~*~ (hiding).
  3619 | D:4      | 3619 ||| READING 2 scrolls of identify.
  3619 | D:4      | 3619 ||| IDENTIFYING bubbling golden potion
  3620 | D:4      | 3620 ||| DROPPING potion of degeneration.
  3660 | D:5      | Noticed Blork the orc
  3667 | D:5      | Killed Blork the orc
  3668 | D:5      | Reached skill level 6 in Axes
  3668 | D:5      | Reached XP level 7. HP: 39/43 MP: 7/7
  3771 | D:5      | Noticed Ijyb
  3785 | D:5      | Killed Ijyb
  3871 | D:5      | Found a staircase to the Ecumenical Temple.
  3878 | D:5      | 3878 ||| PLANNING TEMPLE
  3878 | D:5      | 3878 ||| FLEEEEING.
  3893 | D:5      | 3893 ||| READING 2 scrolls of identify.
  3893 | D:5      | 3893 ||| IDENTIFYING bubbling yellow potion
  3899 | Temple   | Entered the Ecumenical Temple
  3972 | Temple   | 3972 ||| PLANNING D:1-11
  4185 | D:6      | Reached skill level 7 in Axes
  4448 | D:6      | Noticed a yak
  4449 | D:6      | Noticed a yak
  4455 | D:6      | Noticed a yak
  4456 | D:6      | 4456 ||| Stepping ~*~*~tactically~*~*~ (stealth).
  4462 | D:6      | Noticed a yak
  4463 | D:6      | Killed a yak
  4464 | D:6      | Reached XP level 8. HP: 42/51 MP: 8/8
  4471 | D:6      | Killed a yak
  4477 | D:6      | Killed a yak
  4483 | D:6      | HP: 4/51 [yak (11)]
  4484 | D:6      | 4484 ||| READING scroll of teleportation.
  4485 | D:6      | 4485 ||| DRINKING 2 potions of heal wounds.
  4877 | D:6      | Found a stormy altar of Qazlal.
  4880 | D:6      | 4880 ||| Stepping ~*~*~tactically~*~*~ (hiding).
  4895 | D:6      | Killed a yak
  4896 | D:6      | Reached skill level 8 in Axes
  4986 | D:6      | 4986 ||| READING 2 scrolls labelled WAOTEE ZAHIHIGAU.
  4987 | D:6      | 4987 ||| DROPPING scroll of amnesia.
  5067 | D:7      | Reached skill level 6 in Fighting
  5082 | D:7      | Noticed a wyvern
  5083 | D:7      | 5083 ||| Stepping ~*~*~tactically~*~*~ (stealth).
  5124 | D:7      | HP: 10/51 [wyvern (3)]
  5125 | D:7      | 5125 ||| DRINKING potion of heal wounds.
  5129 | D:7      | HP: 7/51 [wyvern (5)]
  5131 | D:7      | Killed a wyvern
  5132 | D:7      | Reached XP level 9. HP: 5/55 MP: 9/9
  5132 | D:7      | Slain by a killer bee

Levels and vault maps discovered:
D:1:      erik_arrival_orb_chamber, layout_basic, minmay_misc_feat_rugged
D:2:      layout_basic
D:3:      layout_basic, mainiacjoe_overflow_alcove_4, kennysheep_slug_shrine
D:4:      layout_basic, zin_treasury, mrwooster_statue_mirror,
          serial_bayou_crossing
D:5:      layout_rooms, minmay_temple_entry_statues, dk_noncrumbling_2,
          grunt_decor_mini_mirrors, uniq_ijyb, uniq_blork_the_orc
D:6:      layout_loops_ring, nicolae_qazlal_eye_of_the_storm,
          kennysheep_generic_room_3
D:7:      layout_basic, nicolae_ru_the_path_less_chosen,
          nzn_wu_jian_contemplation, uniq_maggie
Temple:   jpeg_temple_clearing

Skill      XL: |  1  2  3  4  5  6  7  8 |
---------------+-------------------------+-----
Axes           | 2 3 4 5 6 7 8 |  8.9
Fighting       | 4 5 6 |  6.1
Dodging        | 1 |  1.5
Armour         | 4 |  4.2
Shields        | |  3.2

Action                   |  1- 3 |  4- 6 |  7- 9 || total
-------------------------+-------+-------+-------++-------
Melee: War axe           |   122 |   111 |   157 ||   390
  Use: Scroll            |     5 |     6 |     3 ||    14
       Potion            |     1 |     3 |     2 ||     6
Armor: Scale mail        |    58 |    29 |       ||    87
       Chain mail        |       |    34 |    97 ||   131
Dodge: Dodged            |    51 |    47 |    68 ||   166
Block: Buckler           |    19 |    20 |    26 ||    65

Table legend:
 A = Non-vault XP
 B = Vault XP
 C = Vault XP percentage of total XP
 D = Non-vault monster count
 E = Vault monster count
 F = Vault count percentage of total count
                 A         B        C        D         E       F
            +---------+---------+-------+---------+---------+-------
      Total |    2238 |     136 |   5.7 |      90 |       3 |   3.2
            +---------+---------+-------+---------+---------+-------
        D:1 |      23 |       0 |   0.0 |      13 |       0 |   0.0
        D:2 |      42 |       0 |   0.0 |      16 |       0 |   0.0
        D:3 |     166 |       4 |   2.4 |      19 |       1 |   5.0
        D:4 |     321 |       0 |   0.0 |      20 |       0 |   0.0
        D:5 |     217 |     132 |  37.8 |       6 |       2 |  25.0
        D:6 |     996 |       0 |   0.0 |      11 |       0 |   0.0
        D:7 |     473 |       0 |   0.0 |       5 |       0 |   0.0
            +---------+---------+-------+---------+---------+-------
